AoeStats
← A Delicious Pot Roast

Black Forest

514237737Analyzed
3v3 RM · 4d ago on Oct 17, 2026· 68m 18s· 6 players
Game mode
Random Map
Map size
Normal (6 player)
Population
200
Speed
Normal
Resources
Standard
Victory
Conquest
Starting age
Dark Age
Ending age
Imperial Age
RankedLock teamsTeams togetherTeam positionsShared explorationLock speedFull tech treeHidden civsTurbo modeCheats
Victory
Defeat
🇨🇳 Malay · China
643
+12
🇺🇸 Bohemians · United States
622
+13
🇺🇸 Goths · United States
441
+21
vs
🇨🇱 Turks · Chile
625
-18
🇺🇸 Danes · United States
557
-15
🇨🇳 Chinese · China
486
-13
A Delicious Pot Roast
11:48 Feudal Age
13:21 Gold Mining
13:45 Double-Bit Axe
17:03 Loom
21:02 Castle Age
21:08 Castle Age
23:22 Stone Mining
25:08 Wheelbarrow
26:14 Hand Cart
26:35 Scale Mail Armor
30:20 Stone Shaft Mining
30:23 Gold Shaft Mining
31:52 Chain Mail Armor
32:29 Arson
33:01 Forging
34:27 Bow Saw
34:56 Iron Casting
38:38 Imperial Age
39:48 Conscription
40:10 Plate Mail Armor
39:07 Elite Jomsviking
40:29 Elite Varangian Guard
47:29 Onager
49:17 Squires
Dagon
0:41 Loom
18:38 Feudal Age
19:09 Town Watch
20:00 Wheelbarrow
19:44 Double-Bit Axe
19:44 Horse Collar
25:19 Castle Age
23:51 Stone Mining
29:41 Bow Saw
32:32 Gold Mining
32:48 Heavy Plow
32:59 Town Patrol
33:15 Hand Cart
34:04 Gold Shaft Mining
34:26 Caravan
35:57 Treadmill Crane
37:08 Murder Holes
39:03 Forging
38:44 Fletching
38:54 Scale Mail Armor
39:00 Scale Barding Armor
38:56 Padded Archer Armor
39:18 Ballistics
45:31 Bodkin Arrow
45:51 Fortified Wall
52:07 Man-at-Arms
53:10 Squires
53:59 Long Swordsman
55:46 Thumb Ring
57:11 Coinage
59:33 Chain Mail Armor
59:55 Iron Casting
60:46 Leather Archer Armor
63:46 Imperial Age
62:33 Crossbowman
63:49 Chain Barding Armor
征服者
0:36 Loom
14:27 Feudal Age
21:53 Castle Age
21:04 Gold Mining
21:05 Stone Mining
21:00 Horse Collar
21:08 Double-Bit Axe
24:15 Heavy Plow
27:17 Wheelbarrow
26:28 Town Watch
27:23 Gold Shaft Mining
27:23 Stone Shaft Mining
27:20 Bow Saw
27:40 Fervor
29:21 Hand Cart
29:07 Town Patrol
30:25 Caravan
31:28 Town Patrol
32:06 Fortified Wall
32:27 Great Wall
33:39 Coinage
37:57 Imperial Age
36:22 Ballistics
35:57 Murder Holes
38:38 Fletching
38:48 Padded Archer Armor
39:55 Chemistry
39:41 Rocketry
41:02 Two-Man Saw
39:53 Heavy Scorpion
41:20 Elite Chu Ko Nu
42:58 Conscription
45:53 Banking
45:45 Leather Archer Armor
45:25 Bodkin Arrow
48:37 Ring Archer Armor
48:07 Bracer
47:56 Arrowslits
48:23 Masonry
50:31 Architecture
Ares648967
10:05 Feudal Age
12:42 Wheelbarrow
12:44 Horse Collar
22:18 Castle Age
20:05 Double-Bit Axe
23:39 Bow Saw
23:37 Caravan
34:19 Imperial Age
33:59 Crossbowman
35:14 Wagenburg Tactics
36:28 Chemistry
35:25 Murder Holes
36:41 Two-Man Saw
36:03 Elite Hussite Wagon
36:29 Arbalester
39:40 Pikeman
39:50 Houfnice
41:29 Fishing Lines
42:16 Padded Archer Armor
42:06 Fletching
42:17 Scale Mail Armor
42:28 Forging
44:02 Houfnice
52:42 Onager
52:49 Onager
54:39 Man-at-Arms
55:59 Cavalier
56:39 Husbandry
56:49 Scale Barding Armor
57:00 Chain Mail Armor
57:00 Leather Archer Armor
56:41 Bodkin Arrow
57:21 Iron Casting
59:17 Long Swordsman
60:27 Chain Barding Armor
zhaozhao
2:02 Loom
11:28 Feudal Age
12:13 Wheelbarrow
11:28 Double-Bit Axe
11:55 Fishing Lines
14:51 Horse Collar
21:18 Castle Age
21:22 Bow Saw
21:47 Gillnets
23:01 Heavy Plow
24:50 Forging
25:30 Hand Cart
25:29 Gold Mining
25:34 Stone Mining
27:23 Stone Shaft Mining
30:01 Gold Shaft Mining
32:49 Pikeman
33:34 Squires
33:38 Husbandry
33:05 Light Cavalry
39:16 Imperial Age
37:09 Thalassocracy
38:49 Forced Levy
39:15 Conscription
38:29 Sappers
39:08 Capped Ram
41:06 Chemistry
40:27 Ballistics
39:59 Heated Shot
40:51 Iron Casting
40:07 Fletching
40:18 Padded Archer Armor
40:24 Scale Barding Armor
39:47 Halberdier
39:52 Man-at-Arms
41:40 Town Watch
41:49 Elite Battle Elephant
43:48 Crop Rotation
46:41 Onager
liuzi!
0:27 Loom
12:27 Feudal Age
13:45 Wheelbarrow
13:01 Double-Bit Axe
14:27 Horse Collar
16:48 Gold Mining
22:35 Castle Age
23:36 Bow Saw
23:36 Heavy Plow
25:12 Scale Mail Armor
25:22 Forging
25:34 Hand Cart
32:42 Anarchy
33:32 Chain Mail Armor
33:53 Iron Casting
34:33 Squires
44:31 Imperial Age
44:58 Man-at-Arms
46:47 Blast Furnace
47:06 Long Swordsman
47:46 Capped Ram
48:16 Two-Handed Swordsman
49:19 Champion
52:19 Conscription
52:01 Perfusion
52:22 Conscription
54:33 Elite Huskarl
56:42 Caravan
63:58 Spies/Treason
Connection lost

Rejoining the realm…

Still unreachable

The connection could not be restored.

Session expired

The server has moved on; the page needs a fresh start.